 Dungeon Crawl Stone Soup version 0.31-a0-188-g5e087ee2ca (webtiles) character file.

Game seed: 9132622326786357488

28 qw the Shooter (level 3, 0/20 HPs)
             Began as a Deep Elf Hunter on June 23, 2023.
             Succumbed to their own poison gas
             ... on level 1 of the Dungeon.
             The game lasted 00:00:16 (787 turns).

qw the Shooter (Deep Elf Hunter)                     Turns: 787, Time: 00:00:16

Health: 0/20       AC:  3    Str: 10    XL:     3   Next: 0%
Magic:  5/5        EV: 12    Int: 13    God:
Gold:   44         SH:  0    Dex: 18    Spells: 2/2 levels left

rFire   . . .        Y - +0 shortbow
rCold   . . .        (shield currently unavailable)
rNeg    . . .        c - +0 leather armour
rPois   .            (no helmet)
rElec   .            (no cloak)
rCorr   .            (no gloves)
SInv    .            (no boots)
Will    .....        (no amulet)
Stlth   ++           (no ring)
HPRegen 0.23/turn    (no ring)
MPRegen 0.09/turn

%: no passive effects
@: lethally poisoned (0 -> -7)
A: no striking features
a: no special abilities


You were on level 1 of the Dungeon.
You visited 1 branch of the dungeon, and saw 1 of its levels.

You collected 44 gold pieces.


   Skills:
 - Level 1.5 Fighting
 + Level 6.6 Ranged Weapons
 - Level 2.4 Dodging
 - Level 1.2 Stealth


You had 2 spell levels left.
You didn't know any spells.
Your spell library was empty.

Inventory:

Hand Weapons
 Y - a +0 shortbow (weapon)
Armour
 c - a +0 leather armour (worn)
Scrolls
 a - a scroll of identify
Potions
 f - a potion of heal wounds {unknown}

Dungeon Overview and Level Annotations

Branches:
Dungeon (1/15)

Altars:


Message History

It was a scroll of noise.
Done exploring.
780 ||| READING scroll labelled TOPNOHIOQI.
As you read the scroll labelled TOPNOHIOQI, it crumbles to dust.
You assume a fearsome visage.
Nothing appears to happen.
It was a scroll of fear.
Done exploring.
781 ||| READING scroll labelled RUISIFF ZIRIQU.
The air fills with toxic fumes!
As you read the scroll labelled RUISIFF ZIRIQU, it crumbles to dust.
It was a scroll of poison.
Done exploring.
782 ||| DROPPING scroll of butterflies.
You drop a scroll of butterflies.
Done exploring.
(D) Dungeon
Where to? (* - list waypoints, ? - help)
What level of the Dungeon? (default 1, ? - help) Sorry, I don't know how to get there.
Enter note:
Enter note:
Enter note:
Enter note:
Enter note:
Enter note:
Enter note:
Enter note:
Enter note: Really walk into that cloud of poison gas?
You are engulfed in poison gas.
You are poisoned.
You feel very sick.
784 ||| Stepping ~*~*~tactically~*~*~ (cloud).
You feel very sick.
Things that are here:
a scroll of butterflies; an amulet of magic regeneration
There is a lethal amount of poison in your body!
You feel sick.
There is a lethal amount of poison in your body!
You feel sick.
There is a lethal amount of poison in your body!
You die...

#################### ########
#0¤¤................ .......#
#¤¤¤.%.............. ######.#
###¤¤¤#######...####.#
######.#####.#¤¤¤# ###...## #.#
............##0¤¤# #......# #.#
######.....###¤0¤# #......###.#
######.##¤¤¤#####00........#
##.#¤¤@¤¤¤¤¤¤¤.........
###¤¤0#####¤¤....##### #¤¤0#
#..##### # ### #¤¤¤# #..# # ..#
#####¤¤¤#####..######### ..#
######...#0¤¤................
..###......###¤¤¤................
......####.# ##################.#
..##.......# #.##.#.# #.# #..


There were no monsters in sight!

Vanquished Creatures
  2 ball pythons (D:1)
  3 bats (D:1)
  2 endoplasms (D:1)
  2 giant cockroaches (D:1)
  2 goblins (D:1)
  A hobgoblin (D:1)
  A kobold (D:1)
  5 quokkas (D:1)
  2 frilled lizards (D:1)
  7 rats (D:1)
27 creatures vanquished.

Notes
Turn   | Place    | Note
-------+----------+-------------------------------------------
     0 | D:1      | qw the Deep Elf Hunter began the quest for the Orb.
     0 | D:1      | Reached XP level 1. HP: 12/12 MP: 3/3
     0 | D:1      | 0 ||| qw: Version: 0.3-a-9-g12657ce
     0 | D:1      | 0 ||| qw: Game counter: 3293
     0 | D:1      | 0 ||| qw: Always use a shield: true
     0 | D:1      | 0 ||| qw: God list: Okawaru
     0 | D:1      | 0 ||| qw: Allow faded altars: false
     0 | D:1      | 0 ||| qw: Do Orc after D:15 true
     0 | D:1      | 0 ||| qw: Do second Lair branch before Depths: true
     0 | D:1      | 0 ||| qw: Lair rune preference: random
     0 | D:1      | 0 ||| qw: Plans: Normal
     0 | D:1      | 0 ||| PLANNING D:1-11
   246 | D:1      | Reached XP level 2. HP: 16/16 MP: 4/4
   250 | D:1      | Reached skill level 6 in Ranged Weapons
   763 | D:1      | Reached XP level 3. HP: 20/20 MP: 5/5
   777 | D:1      | 777 ||| DROPPING amulet of magic regeneration.
   778 | D:1      | 778 ||| READING 2 scrolls labelled FUK JYKLEPO.
   779 | D:1      | 779 ||| READING scroll labelled EDAUMUO FASOA.
   780 | D:1      | 780 ||| READING scroll labelled TOPNOHIOQI.
   781 | D:1      | 781 ||| READING scroll labelled RUISIFF ZIRIQU.
   782 | D:1      | 782 ||| DROPPING scroll of butterflies.
   784 | D:1      | 784 ||| Stepping ~*~*~tactically~*~*~ (cloud).
   784 | D:1      | HP: 5/20 [poisoned by you (poison gas)]
   786 | D:1      | HP: 2/20 [poisoned by you (poison gas)]
   787 | D:1      | Succumbed to their own poison gas

Levels and vault maps discovered:
D:1:      dpeg_arrival_boxes_within_box, layout_loops_ring

Skill      XL: |  1  2 |
---------------+-------+-----
Ranged Weapons | 6 |  6.6
Fighting       | |  1.5
Dodging        | |  2.4
Stealth        | |  1.2

Action                     || total
---------------------------++-------
   Fire: Shortbow          ||    48
    Use: Scroll            ||     4
 Armour: Leather armour    ||     4
  Dodge: Dodged            ||     6

Table legend:
 A = Non-vault XP
 B = Vault XP
 C = Vault XP percentage of total XP
 D = Non-vault monster count
 E = Vault monster count
 F = Vault count percentage of total count
                 A         B        C        D         E       F
            +---------+---------+-------+---------+---------+-------
      Total |      41 |       0 |   0.0 |      27 |       0 |   0.0
            +---------+---------+-------+---------+---------+-------
        D:1 |      41 |       0 |   0.0 |      27 |       0 |   0.0
            +---------+---------+-------+---------+---------+-------
